 Dungeon Crawl Stone Soup version 0.31.0-11-ge490571c62 (webtiles) character file.

Game seed: 17771575357399122412

67487 sanka the Brawler (level 14, -3/149 HPs)
             Began as a Troll Monk on Jan 27, 2024.
             Was the Champion of the Shining One.
             Slain by a cyan very ugly thing (18 damage)
             ... on level 15 of the Dungeon.
             The game lasted 00:28:28 (15166 turns).

sanka the Brawler (Troll Monk)                     Turns: 15166, Time: 00:28:28

Health: -3/149     AC: 14    Str: 31    XL:     14   Next: 83%
Magic:  20/20      EV: 11    Int:  6    God:    the Shining One [******]
Gold:   677        SH: 20    Dex: 16    Spells: 13/13 levels left

rFire   . .          .
                       - Unarmed
rCold   + . .        v - +0 kite shield of the Merwolf {Str+6}
rNeg    + + +        w - +1 fire dragon scales
rPois   .            (helmet restricted)
rElec   .            n - +0 cloak
rCorr   .            (gloves unavailable)
SInv    .            (boots unavailable)
Will    +....        h - amulet of the acrobat Stlth
                     y - ring of ice
HPRegen 1.24/turn    M - ring "Nixkaqap" {Ice rN++ Str+3}
MPRegen 0.17/turn

%: acrobat
@: divinely shielded, glowing, studying Alchemy
A: large, unfitting armour, claws 3, regeneration 1, shaggy fur 1, tough skin 1
a: Renounce Religion, Divine Shield, Cleansing Flame, Summon Divine Warrior,
Brand Weapon With Holy Wrath


You were on level 15 of the Dungeon.
You worshipped the Shining One.
The Shining One was exalted by your worship.
You visited 2 branches of the dungeon, and saw 16 of its levels.
You also visited: Bailey.

You collected 909 gold pieces.
You spent 232 gold pieces at shops.


Innate Abilities, Weirdness & Mutations

You are too large for most types of armour.
You have claws for hands.
Your natural rate of healing is unusually fast.
You are covered in fur. (AC +1)
You have tough skin. (AC +1)


   Skills:
 - Level 12.0 Fighting
 + Level 6.9 Armour
 + Level 7.4 Dodging
 + Level 8.1 Shields
 - Level 15.0 Unarmed Combat
 + Level 9.5 Invocations


You had 13 spell levels left.
You didn't know any spells.
Your spell library contained the following spells:

 Spells                   Type           Power      Damage    Failure   Level
 Apportation              Tloc           0%         N/A       87%         1
 Foxfire                  Conj/Fire      0%         2x1d4     87%         1
 Slow                     Hex            0%         N/A       87%         1
 Jinxbite                 Hex            0%         N/A       95%         2
 Static Discharge         Conj/Air       0%         3-3/arc   95%         2
 Confusing Touch          Hex            0%         N/A       99%         3
 Dazzling Flash           Conj/Hex       0%         N/A       99%         3
 Inner Flame              Hex/Fire       0%         N/A       99%         3
 Sigil of Binding         Hex            0%         N/A       99%         3
 Stone Arrow              Conj/Erth      0%         3d7       99%         3
 Summon Ice Beast         Ice/Summ       0%         N/A       99%         3
 Vampiric Draining        Necr           0%         2d6       99%         3
 Volatile Blastmotes      Fire/Tloc      0%         2d10      99%         3
 Airstrike                Air            0%         2d(0-16)  100%        4
 Animate Armour           Summ/Erth      0%         N/A       100%        4
 Summon Lightning Spire   Summ/Air       0%         N/A       100%        4
 Alistair's Intoxication  Alch           0%         N/A       100%        5
 Irradiate                Conj/Alch      0%         3d11      100%        5
 Summon Mana Viper        Hex/Summ       0%         N/A       100%        5
 Plasma Beam              Fire/Air       0%         2x1d10    100%        6
 Starburst                Conj/Fire      0%         6d3       100%        6
 Monstrous Menagerie      Summ           0%         N/A       100%        7
 Ignition                 Fire           0%         3d3       100%        8
 Lehudib's Crystal Spear  Conj/Erth      0%         10d2      100%        8
 Maxwell's Capacitive Co  Air            0%         ∞         100%        8

Inventory:

Hand Weapons
 b - a +2 eveningstar of protection
Missiles
 x - 3 curare-tipped darts {=f}
 E - a throwing net {=f}
 F - 13 large rocks {=f}
Armour
 n - a +0 cloak (worn)
 v - the +0 kite shield of the Merwolf (worn) {Str+6}

   Str+6:     It affects your strength (+6).
 w - +1 fire dragon scales (worn)
 H - a scarf of repulsion
Jewellery
 h - an amulet of the acrobat (around neck)
 y - a ring of ice (left claw)
 B - a ring of willpower
 G - a ring of resist corrosion
 M - the ring "Nixkaqap" (right claw) {Ice rN++ Str+3}

   [ring of ice]

   Ice:       It enhances your ice magic.
   Str+3:     It affects your strength (+3).
   rF-:       It makes you vulnerable to fire.
   rC+:       It protects you from cold.
   rN++:      It greatly protects you from negative energy.
Wands
 a - a wand of polymorph (4)
 k - a wand of paralysis (28)
 l - a wand of acid (36)
 s - a wand of digging (2)
 L - a wand of flame (7)
 O - a wand of iceblast (6)
Scrolls
 d - 4 scrolls of revelation
 e - 2 scrolls of poison {!r}
 g - 8 scrolls of teleportation {@r4}
 j - 2 scrolls of noise {!r}
 o - a scroll of vulnerability {!r}
 q - a scroll of identify {@r1}
 r - 3 scrolls of immolation {!r}
 u - a scroll of torment {!r}
 D - 3 scrolls of enchant weapon
 I - a scroll of fear
 J - a scroll of blinking
 N - a scroll of summoning
Potions
 c - a potion of cancellation {unknown}
 f - 7 potions of heal wounds {@q2}
 i - 2 potions of ambrosia
 m - 5 potions of haste {@q3}
 p - 4 potions of curing {@q1}
 t - 5 potions of mutation {!q}
 z - 7 potions of might
 C - 2 potions of magic
 P - a potion of berserk rage {unknown}

Dungeon Overview and Level Annotations

Branches:
Dungeon (15/15)            Temple (0/1) D:7            Lair (0/5) D:10
    Orc (0/2) D:10         Vaults (0/5) D:13         Depths (1/4) D:15
 Bailey (visited)

Altars:
Ashenzari
Dithmenos
Elyvilon
Gozag
Hepliaklqana
Kikubaaqudgha
Nemelex Xobeh
Sif Muna
Trog
Uskayaw
Vehumet
The Shining One

Shops:
D:11 ?   D:15 ?

Annotations:
D:10 exclusion: 2 downstairs
D:13 exclusion: downstairs

▒▒▒▒.........▒▒▒...▒▒ ▒.▒ ▒ ▒▒▒
▒.▒▒▒..(.........▒▒▒.▒▒▒▒ ..▒ ▒.▒
▒▒▒)▒▒▒▒▒........▒▒.. ▒.▒
▒▒▒.▒▒▒.[[..▒▒▒▒.▒▒▒▒▒▒▒▒..
▒.▒▒▒▒▒...▒▒.......▒▒▒.▒ ▒▒▒..
......▒...▒..▒▒▒▒▒..▒▒.▒ ▒....
▒.▒▒▒.▒...▒..▒)..▒..▒▒'▒▒ ▒.▒..
..▒ ▒.▒...▒8.▒.>.▒.8▒...▒▒ ▒.▒▒▒
▒▒▒ ▒.▒...▒..▒.uT▒..▒....▒▒ ▒.▒▒▒
..▒▒▒.▒▒▒▒▒..▒▒[▒▒..▒.....▒▒▒.▒▒.
......▒▒▒▒▒▒.......▒▒......▒▒.▒..
...........▒▒.[...▒▒.......'.....
▒.▒▒▒▒▒▒▒▒▒.▒▒▒▒▒▒▒........▒▒▒▒..
▒.▒ ▒▒.▒ ▒.......▒▒ ▒▒. ▒.▒ ▒.▒
▒▒.....▒▒ ▒▒ ▒.▒ ▒.▒ ▒▒...▒▒ ▒
▒.▒ ▒.▒ ▒▒▒▒▒▒'▒▒▒▒ ▒


You could see a cyan very ugly thing.


Message History

The cyan very ugly thing punches you but does no damage.
You completely miss the cyan very ugly thing.
You block the cyan very ugly thing's attack.
You claw the cyan very ugly thing!
The cyan very ugly thing is lightly wounded.
You mangle the cyan very ugly thing!!
The cyan very ugly thing is heavily wounded.
The cyan very ugly thing barely misses you.
You scratch the cyan very ugly thing but do no damage.
The cyan very ugly thing is heavily wounded.
The cyan very ugly thing punches you! The cyan very ugly thing shocks you!!
* * * LOW HITPOINT WARNING * * *
You scratch the cyan very ugly thing.
The cyan very ugly thing is heavily wounded.
The cyan very ugly thing punches you!!
* * * LOW HITPOINT WARNING * * *
The cyan very ugly thing shocks you!!
* * * LOW HITPOINT WARNING * * *
You claw the cyan very ugly thing!
The cyan very ugly thing is heavily wounded.
The cyan very ugly thing punches you but does no damage.
You mangle the cyan very ugly thing!!
The cyan very ugly thing is severely wounded.
You mangle the cyan very ugly thing!!
The cyan very ugly thing is almost dead.
The cyan very ugly thing punches you!
* * * LOW HITPOINT WARNING * * *
The cyan very ugly thing shocks you!!
You die...

Action                     |  1- 3 |  4- 6 |  7- 9 | 10-12 | 13-15 || total
---------------------------+-------+-------+-------+-------+-------++-------
  Melee: Unarmed           |    80 |   119 |   260 |   462 |   426 ||  1347
         Punch             |       |       |       |    40 |       ||    40
         Eveningstar       |       |       |       |       |    26 ||    26
 Invoke: Divine Shield     |       |       |       |     1 |    14 ||    15
         Summon Divine War |       |       |       |       |     2 ||     2
  Evoke: Wand              |       |       |       |     5 |       ||     5
    Use: Potion            |       |       |     1 |       |     1 ||     2
         Scroll            |       |       |     8 |     6 |     8 ||    22
   Stab: Sleeping          |       |     1 |       |       |       ||     1
 Armour: Robe              |    41 |    87 |   128 |       |       ||   256
         Fire dragon scale |       |       |    47 |   321 |   339 ||   707
  Dodge: Dodged            |    29 |    61 |   108 |   174 |   173 ||   545
  Block: Kite shield       |       |       |       |    20 |   323 ||   343

Levels and vault maps discovered:
D:1:      psy_arrival_heroes, layout_basic, kennysheep_minor_cross
D:2:      layout_loops_corners, uniq_crazy_yiuf_cottage
D:3:      layout_basic, marbit_many_paths
D:4:      layout_gridville, nicolae_dithmenos_shadow_blocks, tso_oasis_becter,
          uniq_robin, uniq_edmund, uniq_eustachio
D:5:      layout_cave_pods, lemuel_round_altar, minivault_5, uniq_blork_the_orc
D:6:      cheibrodos_two_vegetables, layout_basic, nicolae_gozag_seed_capital,
          nicolae_titane, uniq_pikel
D:7:      layout_rooms, led_sif_pool, temple_pool_b, enter_bailey_5
D:8:      layout_loops_ring, nicolae_uskayaw_dance_hall,
          mainiacjoe_overflow_cross_hatched, minmay_misc_feat_nine_boxes,
          hangedman_decor_points
D:9:      layout_rooms, jmf_multi_god_temple2, nicolae_overflow_crystal_walls,
          uniq_maggie, uniq_prince_ribbit1
D:10:     cheibrodos_wizards_tower, layout_basic, mainiacjoe_overflow_24_doors,
          due_lair_maze_entry_diamond, serial_ice, serial_ice_b, serial_ice_a,
          serial_ice_l, serial_ice_n, serial_ice_m, serial_ice_h, serial_ice_c,
          serial_ice_e, uniq_fannar
D:11:     layout_basic, nicolae_nh_oracle_at_delphi
D:12:     layout_stronghold, uniq_urug
D:13:     layout_cave_pods, grunt_vaults_entry_tiered
D:14:     layout_stronghold, elyvilon_altar_1, kennysheep_generic_room_13
D:15:     grunt_enter_depths_magical_seal, layout_loops_corners, serial_shops,
          nicolae_shop_gibbet_a_chance, uniq_rupert
Depths:1: layout_cave_pools, hell_entry, chequers_serial_rivers_large_b,
          xom_redecorated

Notes
Turn   | Place    | Note
-------+----------+-------------------------------------------
     0 | D:1      | sanka the Troll Monk began the quest for the Orb.
     0 | D:1      | Reached XP level 1. HP: 22/22 MP: 0/0
   201 | D:1      | Reached XP level 2. HP: 29/29 MP: 1/1
   277 | D:1      | Reached skill level 4 in Unarmed Combat
   537 | D:1      | Reached XP level 3. HP: 36/36 MP: 2/2
  1234 | D:2      | Found a runed translucent door.
  1235 | D:2      | Noticed Crazy Yiuf
  1554 | D:2      | Killed Crazy Yiuf
  1555 | D:2      | Reached skill level 5 in Unarmed Combat
  1555 | D:2      | Reached XP level 4. HP: 25/44 MP: 3/3
  1782 | D:3      | Identified the +3 whip of Punishment {drain, *Rage rN+
                  | Int+4}
  1904 | D:3      | Reached XP level 5. HP: 50/50 MP: 4/4
  2014 | D:3      | Found a broken altar of Ashenzari.
  2297 | D:4      | Noticed Robin
  2309 | D:4      | Reached skill level 6 in Unarmed Combat
  2326 | D:4      | Killed Robin
  2455 | D:4      | Noticed Edmund
  2472 | D:4      | Killed Edmund
  2473 | D:4      | Reached skill level 7 in Unarmed Combat
  2473 | D:4      | Reached XP level 6. HP: 11/59 MP: 5/5
  2786 | D:4      | Found a glowing golden altar of the Shining One.
  2886 | D:4      | Noticed Eustachio
  2898 | D:4      | Killed Eustachio
  2899 | D:4      | Reached skill level 8 in Unarmed Combat
  2899 | D:4      | Reached XP level 7. HP: 61/66 MP: 6/6
  2903 | D:4      | Found a shadowy altar of Dithmenos.
  3008 | D:4      | Became a worshipper of the Shining One
  3008 | D:4      | Reached * piety under the Shining One
  3008 | D:4      | Reached ** piety under the Shining One
  3049 | D:4      | Identified the +4 short sword "Tool" {flame, ^Fragile Int+3
                  | Dex+5}
  3229 | D:5      | Entered Level 5 of the Dungeon
  3299 | D:5      | Reached skill level 9 in Unarmed Combat
  3314 | D:5      | Noticed Blork the orc
  3321 | D:5      | Killed Blork the orc
  3499 | D:5      | Reached XP level 8. HP: 43/74 MP: 7/7
  3511 | D:5      | Reached skill level 10 in Unarmed Combat
  3661 | D:5      | Found a radiant altar of Vehumet.
  3690 | D:5      | Reached skill level 3 in Fighting
  4237 | D:6      | Reached skill level 4 in Fighting
  4264 | D:6      | Found an opulent altar of Gozag.
  4301 | D:6      | Reached skill level 5 in Fighting
  4301 | D:6      | Noticed Pikel
  4309 | D:6      | HP: 7/80 [Pikel/+2 whip of freezing (5)]
  4314 | D:6      | Killed Pikel
  4315 | D:6      | Reached skill level 6 in Fighting
  4315 | D:6      | Reached XP level 9. HP: 20/92 MP: 8/8
  4608 | D:6      | Reached *** piety under the Shining One
  4611 | D:6      | Reached skill level 7 in Fighting
  5231 | D:7      | Found a staircase to the Ecumenical Temple.
  5277 | D:7      | Reached skill level 8 in Fighting
  5396 | D:7      | Found a shimmering blue altar of Sif Muna.
  5435 | D:7      | Found a flagged portal.
  5453 | Bailey   | Entered a bailey
  5537 | Bailey   | Noticed a gargoyle
  5547 | Bailey   | Killed a gargoyle
  5567 | Bailey   | Reached **** piety under the Shining One
  5613 | Bailey   | Reached skill level 11 in Unarmed Combat
  5664 | Bailey   | Identified the +8 ring mail of Lucidity {-Cast rPois rF+++
                  | rC+ Dex+3}
  5669 | Bailey   | Identified +1 fire dragon scales
  5764 | Bailey   | Reached ***** piety under the Shining One
  5925 | D:7      | Reached XP level 10. HP: 98/104 MP: 9/9
  6169 | D:8      | Found a bloodstained altar of Trog.
  6234 | D:8      | Reached skill level 12 in Unarmed Combat
  6249 | D:8      | Noticed a cyclops
  6261 | D:8      | Killed a cyclops
  6490 | D:8      | Found a hide-covered altar of Uskayaw.
  6899 | D:9      | Reached skill level 13 in Unarmed Combat
  7085 | D:9      | Found a white marble altar of Elyvilon.
  7115 | D:9      | Identified +0 steam dragon scales
  7115 | D:9      | Noticed Maggie
  7124 | D:9      | Killed Maggie
  7195 | D:9      | Noticed Prince Ribbit
  7201 | D:9      | Killed Prince Ribbit
  7404 | D:9      | Found an ancient bone altar of Kikubaaqudgha.
  7412 | D:9      | Found a hazy altar of Hepliaklqana.
  7441 | D:10     | Entered Level 10 of the Dungeon
  7510 | D:10     | Reached skill level 14 in Unarmed Combat
  7614 | D:10     | Reached XP level 11. HP: 107/111 MP: 10/10
  7779 | D:10     | Noticed a death yak
  7790 | D:10     | Killed a death yak
  7830 | D:10     | Found a sparkling altar of Nemelex Xobeh.
  7858 | D:10     | Reached skill level 15 in Unarmed Combat
  7886 | D:10     | Noticed a two-headed ogre
  7886 | D:10     | Noticed a two-headed ogre
  7891 | D:10     | Killed a two-headed ogre
  7898 | D:10     | Killed a two-headed ogre
  7962 | D:10     | Found a staircase to the Orcish Mines.
  7985 | D:10     | Noticed an orc sorcerer
  7991 | D:10     | Paralysed by an orc sorcerer for 5 turns
  7998 | D:10     | Killed an orc sorcerer
  7999 | D:10     | Reached skill level 9 in Fighting
  8040 | D:10     | Found a staircase to the Lair.
  8040 | D:10     | Noticed Fannar
  8043 | D:10     | Reached ****** piety under the Shining One
  8051 | D:10     | Killed Fannar
  8188 | D:10     | Reached skill level 10 in Fighting
  8621 | D:11     | Noticed a two-headed ogre
  8625 | D:11     | Noticed a five-headed hydra
  8726 | D:11     | Reached skill level 11 in Fighting
  8750 | D:11     | Reached XP level 12. HP: 130/130 MP: 11/11
  9016 | D:11     | Killed a two-headed ogre
  9096 | D:11     | Found The Oracle's Delphic Readings.
  9100 | D:11     | Bought a scroll of fear for 60 gold pieces
  9100 | D:11     | Bought a scroll of blinking for 112 gold pieces
  9100 | D:11     | Bought a scroll of identify for 30 gold pieces
  9100 | D:11     | Bought a scroll of identify for 30 gold pieces
  9618 | D:12     | Noticed a two-headed ogre
  9634 | D:12     | Reached skill level 1 in Invocations
  9635 | D:12     | Killed a two-headed ogre
  9725 | D:12     | Reached skill level 2 in Invocations
  9782 | D:12     | Reached skill level 3 in Invocations
  9948 | D:12     | Identified the ring "Nixkaqap" {Ice rN++ Str+3}
 10005 | D:12     | Reached skill level 12 in Fighting
 10181 | D:12     | Noticed Urug
 10192 | D:12     | Reached skill level 4 in Invocations
 10193 | D:12     | Killed Urug
 10318 | D:12     | Identified a scroll of acquirement
 10319 | D:12     | Acquired the +0 kite shield of the Merwolf {Str+6}
 10730 | D:13     | Reached skill level 1 in Shields
 10736 | D:13     | Reached skill level 5 in Invocations
 10768 | D:13     | Reached skill level 2 in Shields
 10829 | D:13     | Reached skill level 1 in Armour
 10829 | D:13     | Reached skill level 3 in Shields
 10868 | D:13     | Found a gate to the Vaults.
 10868 | D:13     | Noticed a vault guard
 10868 | D:13     | Noticed a vault guard
 10868 | D:13     | Noticed a vault guard
 10885 | D:13     | Killed a vault guard
 10886 | D:13     | Reached skill level 3 in Dodging
 10889 | D:13     | Killed a vault guard
 10890 | D:13     | Reached skill level 6 in Invocations
 10895 | D:13     | Killed a vault guard
 10896 | D:13     | Reached skill level 2 in Armour
 10908 | D:13     | Reached XP level 13. HP: 65/140 MP: 16/16
 11120 | D:13     | Reached skill level 4 in Shields
 11155 | D:13     | Identified the +7 long sword "Ontaloel" {freeze, rN+ Dex+3}
 11224 | D:13     | Reached skill level 4 in Dodging
 11374 | D:13     | Reached skill level 3 in Armour
 11815 | D:14     | Reached skill level 5 in Shields
 11815 | D:14     | Reached skill level 7 in Invocations
 11995 | D:14     | Reached skill level 4 in Armour
 12084 | D:14     | Found a white marble altar of Elyvilon.
 12155 | D:14     | Reached skill level 5 in Dodging
 12468 | D:14     | Reached skill level 6 in Shields
 12817 | D:14     | Reached skill level 5 in Armour
 13044 | D:15     | Entered Level 15 of the Dungeon
 13066 | D:15     | Reached skill level 8 in Invocations
 13117 | D:15     | Reached XP level 14. HP: 109/149 MP: 17/19
 13136 | D:15     | Reached skill level 6 in Dodging
 13309 | D:15     | Noticed Rupert
 13321 | D:15     | Killed Rupert
 13433 | D:15     | Reached skill level 7 in Shields
 13469 | D:15     | Found Fosimas's Magic Scroll Emporium.
 13734 | D:15     | Reached skill level 6 in Armour
 14179 | D:15     | Reached skill level 9 in Invocations
 14191 | D:15     | Found a staircase to the Depths.
 14587 | Depths:1 | Entered Level 1 of the Depths
 14604 | D:15     | Reached skill level 7 in Dodging
 14709 | Depths:1 | Noticed a cyan very ugly thing
 14709 | Depths:1 | Noticed a cyan very ugly thing
 14819 | D:15     | Killed a cyan very ugly thing
 14867 | D:15     | Killed a cyan very ugly thing
 14986 | D:15     | Reached skill level 8 in Shields
 15115 | Depths:1 | Noticed a cyan very ugly thing
 15129 | D:15     | Identified +0 ice dragon scales
 15148 | Depths:1 | Noticed a cyan very ugly thing
 15166 | D:15     | Slain by a cyan very ugly thing

Vanquished Creatures
  Rupert (D:15)
  2 very ugly things (D:15)
  3 spark wasps (D:15)
  2 ettins (D:15)
  A rakshasa (D:15)
  Fannar (D:10)
  3 vault guards (D:13)
  3 centaur warriors
  2 hydras
  2 ice dragons (D:15)
  3 boulder beetles
  2 death knights
  4 two-headed ogres
  3 tengu warriors
  An occultist (D:15)
  A death yak (D:10)
  Urug (D:12)
  5 skeletal warriors
  4 arcanists (D:13)
  Pikel (D:6)
  A phantasmal warrior (D:15)
  3 orc sorcerers
  3 deep elf pyromancers
  2 necromancers
  21 ugly things
  4 cyclopes
  3 manticores
  A centaur zombie (D:15)
  6 meliai
  2 gargoyles
  Maggie (D:9)
  A centaur skeleton (D:15)
  2 unseen horrors
  A freezing wraith (D:14)
  2 komodo dragons (D:10)
  2 yaktaurs (D:15)
  5 trolls
  4 tengu conjurers
  Prince Ribbit (D:9)
  A glass eye (D:15)
  3 centaur simulacra
  9 slime creatures
  A shadow (D:11)
  23 yaks
  A wraith (D:14)
  2 vampires
  Eustachio (D:4)
  A water elemental (D:15)
  17 humans (D:13)
  18 vampire mosquitoes
  Edmund (D:4)
  An acid dragon (D:13)
  4 water moccasins
  3 orc warriors
  2 sky beasts (D:7)
  An ice beast (D:5)
  A laughing skull (D:15)
  3 black bears
  3 wolves (D:10)
  2 centaurs
  4 kobold brigands
  A phantom (D:6)
  7 bullfrogs
  Blork the orc (D:5)
  A gnoll sergeant (D:12)
  A scorpion (D:5)
  12 wights
  5 killer bees (D:9)
  3 wolf zombies (Bailey)
  8 electric eels
  6 vampire bats (Bailey)
  A howler monkey (D:6)
  2 bombardier beetles
  Crazy Yiuf (D:2)
  8 orc priests
  4 iguanas
  13 orc wizards
  A boggart simulacrum (D:15)
  Robin (D:4)
  11 adders
  10 gnolls
  2 white imps
  A howler monkey simulacrum (D:10)
  4 ufetubi (D:6)
  A ribbon worm (D:2)
  7 dart slugs
  43 orcs
  5 endoplasms
  5 giant cockroaches
  19 goblins
  9 hobgoblins
  9 jackals
  3 quokkas
  3 ball pythons
  6 bats (D:1)
  A frilled lizard (D:1)
  25 kobolds
  20 orc zombies (Bailey)
  A rat (D:1)
473 creatures vanquished.

Vanquished Creatures (collateral kills)
  A death knight (D:15)
  A cane toad (shapeshifter) (D:15)
  2 yaktaurs (D:15)
  2 freezing wraiths (D:15)
  A vampire mosquito (D:15)
  A laughing skull (D:15)
8 creatures vanquished.

Grand Total: 481 creatures vanquished
